 Dungeon Crawl Stone Soup version 0.32-a0-886-g41c5271027 (webtiles) character file.

Game seed: 6778681017986068697

3543 ezpacito the Chopper (level 10, 0/76 HPs)
             Began as a Coglin Chaos Knight on Apr 3, 2024.
             Was a Plaything of Xom.
             Slain by a killer bee (8 damage)
             ... on level 8 of the Dungeon.
             The game lasted 00:10:49 (8485 turns).

ezpacito the Chopper (Coglin Chaos Knight)          Turns: 8485, Time: 00:10:49

Health: 0/76       AC:  0    Str: 14    XL:     10   Next: 9%
Magic:  14/14      EV: 21    Int: 16    God:    Xom [*.....]
Gold:   0          SH:  0    Dex: 17    Spells: 1/14 levels left

rFire   . . .        a - melded +1 hand axe (chaos) {Melek}
rCold   . . .        g - melded +1 trident (venom) {Astrid}
rNeg    . . .        e - melded +6 scale mail "Noinem" {rElec rF+ rN+}
rPois   .            c - melded +1 helmet
rElec   .            (cloak currently unavailable)
rCorr   .            (gloves currently unavailable)
SInv    .            (boots currently unavailable)
Will    +....        (no amulet)
Stlth   ++           (ring currently unavailable)
HPRegen 0.32/turn    (ring currently unavailable)
MPRegen 0.14/turn    (no gizmo)

%: clarity
@: bat-form, death channelling, attractive, enlightened, flying, very quick
A: fast, flying, no casting, tiny, (off-hand wielding), (slow wielding), (warmup
strikes), (no jewellery), clarity, clever 1, weak 1
a: Invent Gizmo, Renounce Religion


You were on level 8 of the Dungeon.
You worshipped Xom.
You were a special plaything of Xom.
You were a bat.
You visited 2 branches of the dungeon, and saw 9 of its levels.

Inventory:

Hand Weapons
 a - a +1 hand axe of chaos (melded) {Melek}
 g - a +1 trident of venom (melded) {Astrid}
Missiles
 k - 5 curare-tipped darts
 m - 3 atropa-tipped darts
 n - 26 poisoned darts
 o - 2 boomerangs (quivered)
 u - 4 javelins
Armour
 c - a +1 helmet (melded)
 e - the +6 scale mail "Noinem" (melded) {rElec rF+ rN+}
   (You found it on level 5 of the Dungeon)

   rF+:       It protects you from fire.
   rElec:     It insulates you from electricity.
   rN+:       It protects you from negative energy.
 x - a +0 plate armour
Magical Staves
 d - a staff of earth
Wands
 s - a wand of acid (7)
 v - a wand of flame (5)
Scrolls
 b - 2 scrolls of enchant armour
 f - 2 scrolls of amnesia
 i - a scroll of vulnerability
 t - a scroll of teleportation
Potions
 p - 2 potions of mutation
 r - a potion of magic


   Skills:
 * Level 5.7 Fighting
 * Level 5.8(6.6) Axes
 * Level 4.3(5.5) Polearms
 * Level 4.7 Armour
 * Level 4.6 Dodging
 + Level 2.8 Stealth
 + Level 2.6 Spellcasting
 + Level 2.3 Conjurations
 + Level 1.2 Hexes
 + Level 0.5 Translocations
 + Level 1.2 Fire Magic
 + Level 2.0 Air Magic
 + Level 1.2 Earth Magic
 * Level 4.3 Alchemy
 + Level 3.2 Evocations


You had one spell level left.
You knew the following spells:

 Your Spells              Type           Power      Damage    Failure   Level
a - Sting                 Conj/Alch      48%        1d6       4%          1
b - Mercury Vapours       Alch/Air       24%        N/A       8%          2
c - Olgreb's Toxic Radia  Alch           16%        N/A       32%         4
d - Foxfire               Conj/Fire      28%        2x1d5     10%         1
e - Dazzling Flash        Conj/Hex       14%        N/A       28%         3
g - Apportation           Tloc           6%         N/A       16%         1
s - Slow                  Hex            24%        N/A       12%         1

Your spell library contained the following spells:

 Spells                   Type           Power      Damage    Failure   Level
 Necrotise                Necr           8%         1d4       19%         1
 Summon Small Mammal      Summ           8%         N/A       19%         1
 Cigotuvi's Dreadful Rot  Necr/Alch/Air  16%        N/A       12%         2
 Hailstorm                Conj/Ice       5%         3d5       34%         3
 Summon Ice Beast         Ice/Summ       2%         N/A       50%         3
 Petrify                  Alch/Erth      11%        N/A       52%         4
 Animate Dead             Necr           2%         N/A       88%         4
 Dispel Undead            Necr           2%         3d7       88%         4
 Martyr's Knell           Necr/Summ      2%         N/A       88%         4
 Borgnjor's Vile Clutch   Necr/Erth      2%         N/A       99%         5
 Permafrost Eruption      Ice/Erth       2%         2x4d2     100%        6
 Plasma Beam              Fire/Air       3%         2x1d13    100%        6
 Sculpt Simulacrum        Ice/Alch       4%         N/A       100%        6
 Starburst                Conj/Fire      3%         6d3       100%        6
 Haunt                    Necr/Summ      1%         N/A       100%        7
 Infestation              Necr           1%         N/A       100%        8
 Maxwell's Capacitive Co  Air            4%         ∞         100%        8


Dungeon Overview and Level Annotations

Branches:
Dungeon (8/15)             Temple (1/1) D:6
   Lair: D:8-11

Altars:
Ashenzari
Cheibriados
Dithmenos
Elyvilon
Fedhas
Gozag
Hepliaklqana
Kikubaaqudgha
Makhleb
Nemelex Xobeh
Okawaru
Qazlal
Ru
Sif Muna
Trog
Uskayaw
Vehumet
Wu Jian
Xom
Yredelemnul
Zin
The Shining One

Shops:
D:4 :

Annotations:
D:8 Maurice


Innate Abilities, Weirdness & Mutations

You are a bat.
You are tiny and dextrous.
You move quickly.
You are flying.
Your equipment is almost entirely melded.
You are incapable of wielding weapons or throwing items.
You cannot cast spells.
((You can wield a second weapon in your off-hand.))
((It takes a long time for you to wield or remove held weapons.))
((Your first few attacks do less damage.))
((You cannot equip rings or amulets.))
You possess an exceptional clarity of mind.
Your mind is acute. (Int +4, Str/Dex -1)
You are weak. (Str -2)


Message History

You hear the flapping of tiny wings.
Your butterfly is knocked back by the sudden gust. x18
You feel sick. The killer bee stings your butterfly.
Your butterfly dies!
Your butterfly disappears in a burst of colours!
The killer bee closely misses your butterfly.
The killer bee is attracted toward you.
As you read the scroll of butterflies, it crumbles to dust.
You hear the flapping of tiny wings.
Your butterfly is knocked back by the sudden gust. x17
You feel sick.
You are no longer poisoned.
Something hits your butterfly.
Your butterfly dies!
Your butterfly disappears in a burst of colours!
Something is attracted toward you.
You take 1 damage, and have 7/76 hp.
You swap places.
The killer bee stings your butterfly.
Your butterfly dies!
Your butterfly disappears in a burst of colours!
You swap places.
You swap places.
The killer bee misses your butterfly. x2
Found a stone staircase leading down.
The killer bee is attracted toward you.
You swap places.
Something closely misses your butterfly.
Something misses your butterfly. The killer bee stings your butterfly!
Your butterfly dies!
Your butterfly disappears in a burst of colours!
The killer bee is attracted toward you.
You swap places.
The killer bee completely misses your butterfly.
Something barely misses your butterfly. Something bites your butterfly.
Your butterfly dies!
Your butterfly disappears in a burst of colours!
The killer bee is attracted toward you.
There is a stone staircase leading up here.
You hit the killer bee.
The killer bee is moderately wounded.
The killer bee misses you. The killer bee stings you!
You die...

#...#...##.#...#
#...#...........
#.#.#....##....# #...
#.........#....# .#..... ..
#.......# #.....# .#
##.........#
.....#####.#....##.#....y
>.b...b.................. #...
#..bbyb.......###.##.#. #...
#b§bbb..b..###......... #....
##bbbbb..b..# #.....#.#. .....
#.bbbbb.b...# #.....#... #.....
#.bbbbbbbbb.###.....##.. .
#...###b.bbbbb.b..#.......##..
#...##....b.bbbbb.b###.......#..
#....##..bb..b..#_#.......#..
#...##b.#..b.b...##.##......#..


You could see a killer bee (ally target).

Vanquished Creatures
  A shadow (D:6)
  Eustachio (D:4)
  A steam dragon (D:5)
  An acid dragon (D:8)
  An orc warrior (D:8)
  2 sky beasts
  An ice beast (D:6)
  2 black bears
  3 ogres
  A centaur (D:7)
  4 phantoms
  Blork the orc (D:4)
  3 kobold brigands
  2 bullfrogs (D:8)
  A gnoll sergeant (D:8)
  5 scorpions
  4 wights (D:6)
  4 killer bees (D:8)
  4 hounds
  2 orc priests (D:7)
  2 jellies
  A sleepcap (D:5)
  3 iguanas
  An orc wizard (D:8)
  Robin (D:4)
  4 gnolls (D:8)
  10 adders
  A shadow imp (D:5)
  A white imp (D:5)
  A dart slug (D:3)
  3 ribbon worms
  13 orcs
  8 ball pythons
  3 bats
  4 endoplasms
  2 giant cockroaches
  11 goblins
  9 hobgoblins
  11 kobolds
  4 quokkas
  4 frilled lizards
  4 rats
145 creatures vanquished.

Vanquished Creatures (collateral kills)
  An ogre (D:4)
  A goblin (D:4)
2 creatures vanquished.

Vanquished Creatures (others)
  An adder (D:4)
  A ball python zombie (D:3)
2 creatures vanquished.

Grand Total: 149 creatures vanquished

Notes
Turn   | Place    | Note
-------+----------+-------------------------------------------
     0 | D:1      | ezpacito the Coglin Chaos Knight began the quest for the
                  | Orb.
     0 | D:1      | Reached XP level 1. HP: 18/18 MP: 1/1
    91 | D:1      | Reached skill level 1 in Dodging
   100 | D:1      | Reached XP level 2. HP: 17/24 MP: 2/2
   295 | D:1      | XOM: 1-stop teleportation journey
   790 | D:2      | Reached skill level 1 in Polearms
   790 | D:2      | Reached XP level 3. HP: 22/29 MP: 3/3
   824 | D:2      | XOM: silly message
  1598 | D:2      | XOM: silly message
  1683 | D:2      | XOM: divination: magic mapping
  1689 | D:2      | XOM: silly message
  1797 | D:3      | XOM: 2-stop teleportation journey
  1838 | D:3      | Reached XP level 4. HP: 31/35 MP: 4/4
  2850 | D:4      | Noticed a scorpion
  2856 | D:4      | Killed a scorpion
  2857 | D:4      | Reached XP level 5. HP: 36/41 MP: 6/6
  2926 | D:4      | Reached skill level 1 in Stealth
  2926 | D:4      | Reached skill level 1 in Spellcasting
  2956 | D:4      | Reached XP level 6. HP: 45/48 MP: 7/7
  2980 | D:4      | XOM: silly message
  3049 | D:4      | XOM: summons friendly iron imp
  3052 | D:4      | XOM: butterfly on damage
  3063 | D:4      | XOM: confuse monster(s)
  3068 | D:4      | XOM: 1-stop teleportation journey
  3213 | D:4      | Noticed Robin
  3230 | D:4      | Killed Robin
  3236 | D:4      | XOM: noise
  3413 | D:4      | Reached XP level 7. HP: 53/53 MP: 8/8
  3425 | D:4      | XOM: god gift: scroll labelled WEEMEI GIUT {god gift}
  3447 | D:4      | Found Ziun's Book Boutique.
  3469 | D:4      | Learned a level 1 spell: Sting
  3472 | D:4      | Learned a level 2 spell: Mercury Vapours
  3477 | D:4      | Learned a level 4 spell: Olgreb's Toxic Radiance
  3569 | D:4      | Noticed Eustachio
  3586 | D:4      | XOM: 2-stop teleportation journey
  3588 | D:4      | Gained mutation: You are weak. (Str -2) [potion of
                  | mutation]
  3588 | D:4      | Gained mutation: Your mind is acute. (Int +4, Str/Dex -1)
                  | [potion of mutation]
  3614 | D:4      | XOM: summons 3 hostile demons
  3620 | D:4      | Killed Eustachio
  3621 | D:4      | Reached skill level 1 in Alchemy
  3807 | D:4      | XOM: summons 2 hostile shadow creatures
  4062 | D:4      | Noticed Blork the orc
  4074 | D:4      | XOM: summons friendly ufetubus
  4084 | D:4      | Killed Blork the orc
  4085 | D:4      | Reached skill level 1 in Evocations
  4133 | D:4      | XOM: polymorph ufetubus -> shadow imp
  4258 | D:4      | Reached XP level 8. HP: 45/60 MP: 10/10
  4413 | D:5      | Entered Level 5 of the Dungeon
  4478 | D:5      | XOM: give mutation
  4478 | D:5      | Gained mutation: You possess an exceptional clarity of
                  | mind. [Xom's mischief]
  4587 | D:5      | XOM: divination: detect creatures
  4643 | D:5      | Reached skill level 1 in Conjurations
  4728 | D:5      | Reached skill level 1 in Air Magic
  4816 | D:5      | Got Sif Muna's Almanac of Dire Geology
  4905 | D:5      | Identified the +6 scale mail "Noinem" {rElec rF+ rN+}
  4986 | D:5      | XOM: silly message
  5373 | D:6      | XOM: potion effect (berserk rage)
  5375 | D:6      | XOM: enchant monster (good)
  5379 | D:6      | Reached skill level 5 in Axes
  5386 | D:6      | Reached XP level 9. HP: 67/67 MP: 12/12
  5400 | D:6      | XOM: god gift: book of Fire
  5474 | D:6      | Reached skill level 5 in Fighting
  5522 | D:6      | XOM: silly message
  5525 | D:6      | Learned a level 1 spell: Slow
  5527 | D:6      | Learned a level 1 spell: Foxfire
  5531 | D:6      | Learned a level 3 spell: Dazzling Flash
  5849 | D:6      | XOM: butterfly on damage
  6153 | D:6      | Found a bloodstained altar of Trog.
  6153 | D:6      | Found a shimmering altar of Xom.
  6450 | D:6      | Found a staircase to the Ecumenical Temple.
  6516 | Temple   | Entered the Ecumenical Temple
  6828 | D:7      | XOM: 2-stop teleportation journey
  7169 | D:7      | XOM: scenery: create altars
  7193 | D:7      | Learned a level 1 spell: Apportation
  7639 | D:8      | Reached skill level 1 in Fire Magic
  7642 | D:8      | Reached skill level 1 in Earth Magic
  7646 | D:8      | XOM: confuse monster(s)
  7800 | D:8      | XOM: 6-stop teleportation journey
  7803 | D:8      | Found an opulent altar of Gozag.
  7849 | D:8      | XOM: noise
  8001 | D:8      | Reached skill level 1 in Hexes
  8145 | D:8      | Reached XP level 10. HP: 44/75 MP: 13/13
  8315 | D:8      | Found an iron altar of Okawaru.
  8320 | D:8      | Found a snail-covered altar of Cheibriados.
  8327 | D:8      | Found a white marble altar of Elyvilon.
  8448 | D:8      | Noticed Maurice
  8458 | D:8      | XOM: cast spell 'Death Channel'
  8459 | D:8      | Maurice stole a +0 war axe
  8465 | D:8      | Something stole 8 boomerangs
  8466 | D:8      | Something stole 497 gold
  8485 | D:8      | Slain by a killer bee

Illustrated notes

Levels and vault maps discovered:
D:1:      lightli_arrival_flooded_house, layout_loops_cross
D:2:      layout_loops_corners
D:3:      layout_basic, kennysheep_minor_cross
D:4:      layout_basic, kennysheep_windowed_goal, uniq_robin,
          uniq_blork_the_orc, uniq_eustachio
D:5:      layout_cave_pools
D:6:      layout_loops_ring, nicolae_overflow_two_pavilions,
          minmay_temple_entry_fiery
D:7:      layout_basic
D:8:      layout_basic, mainiacjoe_overflow_alcove_4,
          minmay_overflow_temple_star_quad, hangedman_decor_peaks_small,
          uniq_maurice
Temple:   eino_temple_scatter_basement

Skill      XL: |  1  2  3  4  5  6  7  8  9 10 |
---------------+-------------------------------+-----
Dodging        | 1 2 3 4 |  4.6
Polearms       | 1 2 3 4 |  4.3
Armour         | 2 3 4 |  4.7
Stealth        | 1 2 |  2.8
Spellcasting   | 1 2 |  2.6
Axes           | 4 5 |  5.8
Fighting       | 4 5 |  5.7
Alchemy        | 1 2 4 |  4.3
Evocations     | 1 2 3 |  3.2
Conjurations   | 1 2 |  2.3
Air Magic      | 1 2 |  2.0
Fire Magic     | 1 |  1.2
Earth Magic    | 1 |  1.2
Hexes          | 1 |  1.2
Translocations | |  0.5

Action                     |  1- 3 |  4- 6 |  7- 9 | 10-12 || total
---------------------------+-------+-------+-------+-------++-------
  Melee: Hand axe          |    69 |    90 |   316 |    18 ||   493
         Dagger            |    63 |    29 |       |       ||    92
         Spear             |       |    60 |    89 |       ||   149
         Trident           |       |       |   261 |    18 ||   279
         Unarmed           |       |       |       |    13 ||    13
  Evoke: Wand              |       |       |     2 |     2 ||     4
    Use: Potion            |       |     1 |     7 |     4 ||    12
         Scroll            |       |       |    13 |     4 ||    17
   Stab: Sleeping          |       |     3 |     1 |       ||     4
         Paralysed         |       |       |     4 |       ||     4
         Confused          |       |       |     8 |       ||     8
         Distracted        |       |       |     1 |       ||     1
 Armour: Leather armour    |    43 |    56 |    79 |       ||   178
         Scale mail        |       |       |   191 |    31 ||   222
         Skin              |       |       |       |    11 ||    11
  Dodge: Dodged            |    37 |    38 |   175 |    51 ||   301

Table legend: (Time is in decaauts)
 A = Elapsed time spent in this place.
 B = Non-inter-level travel time spent in this place.
 C = Inter-level travel time spent in this place.
 D = Time resting spent in this place.
 E = Time spent auto-exploring this place.
 F = Levels seen in this place.
 G = Mean time per level.
                   A        B        C        D        E       F      G
               +--------+--------+--------+--------+--------+-----+--------+
         Total |   8498 |   8074 |    424 |    439 |   6353 |   9 |  944.2 |
       Dungeon |   8497 |   8074 |    423 |    439 |   6353 |   8 | 1062.1 |
        Temple |      1 |      1 |      0 |      0 |      0 |   1 |    1.0 |
               +--------+--------+--------+--------+--------+-----+--------+

Top non-repeatable levels by time:
     D:4: 1593 daAuts
     D:6: 1260 daAuts
     D:3: 1126 daAuts
     D:7: 1023 daAuts
     D:2: 988 daAuts
     D:5: 935 daAuts
     D:8: 861 daAuts
     D:1: 707 daAuts
  Temple: 1 daAuts
